[Event "Team 45 45 League T60"]
[Site "Internet Chess Club"]
[Date "2014.03.11"]
[Round "2"]
[White "primerpaso"]
[Black "BigH"]
[Result "0-1"]
[WhiteElo "1917"]
[BlackElo "2111"]
[Opening "English: Bremen, Smyslov system"]
[ECO "A22"]
[Time "14:14:55"]
[TimeControl "2700+45"]

1. c4 Nf6 2. Nc3 e5 3. g3 Bb4 4. Bg2 O-O 5. e4 Bxc3 6. bxc3 c6 7. Ne2 d5 8. cxd5
cxd5 9. exd5 Nxd5 10. O-O Nc6 11. d4 Nb6 12. Qd3 Be6 13. Rd1 Bd5 14. dxe5 Bxg2
15. Kxg2 Nxe5 16. Qxd8 Rfxd8 17. Bf4 Nec4 18. Bc7 Re8 19. Nf4 Na4 20. Rd7 Nc5
21. Rd4 Rac8 22. Rxc4 Rxc7 23. Nd3 Rec8 24. Nxc5 Rxc5 25. Rxc5 Rxc5 26. Rd1 Kf8
27. Rd7 Rxc3 28. Rxb7 Ra3 29. Rb2 Ke7 30. Kf1 h5 31. Ke2 Kf6 32. h3 Kg5 33. Rd2
h4 34. Rd5+ f5 35. f4+ Kg6 36. gxh4 Rxa2+ 37. Kf3 Ra3+ 38. Kg2 a5 39. h5+ Kxh5
40. Rxf5+ Kg6 41. Rb5 a4 42. h4 Rb3 43. Ra5 a3 44. Kf1 Rb1+ 45. Ke2 Rb2+ 46. Kf3
a2 47. Kg4 Kf6 48. Ra6+ Ke7 49. Kg5 Kd7 50. h5 Kc7 51. Kg6 Rb6+ 52. Rxb6 Kxb6
53. Kxg7 a1=Q+ 54. Kg6 Kc6 55. h6 Kd6 56. h7 Ke7 {White resigns} 0-1

[Event "Team 45 45 League T60"]
[Site "Internet Chess Club"]
[Date "2014.03.08"]
[Round "2"]
[White "bondguy01"]
[Black "Portola"]
[Result "1/2-1/2"]
[WhiteElo "1751"]
[BlackElo "1780"]
[Opening "QGD: exchange, positional line"]
[ECO "D35"]
[Time "16:00:58"]
[TimeControl "2700+45"]

1. d4 d5 2. c4 e6 3. Nc3 Nf6 4. cxd5 exd5 5. Bg5 Be7 6. e3 O-O 7. Bd3 Nbd7 8.
Nge2 Re8 9. O-O c6 10. Qc2 Nf8 11. f3 Be6 12. Rad1 Nh5 13. Bxe7 Qxe7 14. e4 dxe4
15. fxe4 Nf6 16. e5 Nd5 17. Nxd5 Bxd5 18. Nc3 Be6 19. a3 Red8 20. Be4 Qg5 21.
Kh1 Rac8 22. Qf2 Ng6 23. g3 a6 24. Bg2 Rc7 25. Ne4 Qe7 26. b4 Qf8 27. Nc5 Qe8
28. Ne4 Qe7 29. Nc5 Qe8 30. Rfe1 Nf8 31. Ne4 Qe7 32. Nd6 Nd7 33. Nf5 Qg5 34. Nd6
Nb6 35. Ne4 Qe7 36. Qf4 Nd5 37. Qc1 Rdd7 38. Nc5 Rd8 39. Ne4 Rdd7 40. Nc5 Rd8
41. Ne4 {Game drawn by repetition} 1/2-1/2

[Event "Team 45 45 League T60"]
[Site "Internet Chess Club"]
[Date "2014.03.06"]
[Round "2"]
[White "pereelcoix"]
[Black "zap2"]
[Result "1-0"]
[WhiteElo "1730"]
[BlackElo "1756"]
[Opening "Réti: King's Indian attack"]
[ECO "A05"]
[Time "05:09:54"]
[TimeControl "2700+45"]

1. Nf3 Nf6 2. g3 g6 3. Bg2 Bg7 4. O-O d6 5. Nc3 O-O 6. d3 e5 7. e4 Nbd7 8. Be3
Ng4 9. Bg5 f6 10. Bc1 f5 11. exf5 gxf5 12. Bg5 Ngf6 13. Ne2 Qe8 14. Re1 Qh5 15.
c3 e4 16. Nf4 Qf7 17. Bxf6 exf3 18. Bxg7 fxg2 19. Bxf8 Nxf8 20. Qb3 b6 21. Qxf7+
Kxf7 22. Kxg2 Bb7+ 23. Kf1 Nd7 24. Re6 Ne5 25. Re1 Ba6 26. c4 Bc8 27. Rh6 Kg7
28. Rh4 c5 29. Nd5 Bd7 30. f4 Ng6 31. Rh5 Rb8 32. Ne7 Nf8 33. Rg5+ Kf7 34. Nxf5
Ne6 35. Nxd6+ Ke7 36. Nf5+ Kf7 37. Nh6+ Kf6 38. Ng4+ Kf7 39. Ne5+ Ke7 40. Nxd7
Kxd7 41. Rd5+ Ke7 42. f5 Rf8 43. Rxe6+ Kf7 44. Rd7+ Kg8 45. f6 h5 46. Rg7+ Kh8
47. Rxa7 h4 48. Rxb6 hxg3 49. hxg3 Kg8 50. Rg7+ Kh8 51. Rc6 Re8 52. Rxc5 Re1+
53. Kg2 Rg1+ 54. Kh3 Rh1+ 55. Kg4 Rh4+ 56. Kf3 Rf4+ 57. Ke3 Re4+ 58. Kd2 Re2+
59. Kc3 Rc2+ 60. Kd4 Rxc4+ 61. Ke3 Re4+ 62. Kf3 Rf4+ 63. Kg2 Rf2+ 64. Kh3 Rh2+
65. Kg4 Rh4+ 66. Kf5 Rf4+ 67. Ke6 Rxf6+ 68. Ke7 Kxg7 69. Rg5+ Rg6 70. Rxg6+ Kxg6
71. d4 Kf5 72. d5 Ke4 73. d6 Kd3 74. d7 Kc2 75. d8=Q Kxb2 76. a4 Ka3 77. a5 Kb4
78. a6 Kc5 79. a7 Kb5 80. a8=Q Kc5 81. Qdd5+ Kb4 82. Qaa5# {Black checkmated}
1-0

[Event "Team 45 45 League T60"]
[Site "Internet Chess Club"]
[Date "2014.03.08"]
[Round "2"]
[White "zugknightly"]
[Black "QuieroAprender"]
[Result "1-0"]
[WhiteElo "1880"]
[BlackElo "1686"]
[Opening "King's Indian: Four pawns attack, dynamic line"]
[ECO "E76"]
[Time "19:04:26"]
[TimeControl "2700+45"]

1. d4 Nf6 2. c4 g6 3. Nc3 Bg7 4. e4 O-O 5. f4 d6 6. Nf3 c5 7. d5 a6 8. a4 a5 9.
Bd3 Na6 10. O-O Nb4 11. h3 Nxd3 12. Qxd3 Ne8 13. g4 Nc7 14. Be3 Na6 15. f5 Nb4
16. Qd2 e5 17. Bh6 f6 18. Bxg7 Kxg7 19. h4 h6 20. fxg6 Bxg4 21. Qg2 h5 22. Nh2
Qd7 23. Nxg4 Qxg4 24. Qxg4 hxg4 25. Nb5 Nc2 26. Rac1 Nd4 27. Kg2 Rad8 28. h5 Kh6
29. Rh1 Ne2 30. Rcf1 f5 31. Rxf5 Rxf5 32. exf5 Nf4+ 33. Kg3 Nh3 34. Nc7 Kxh5 35.
Ne6 Rg8 36. g7 b6 37. b3 e4 38. Re1 Ng5 39. Nxg5 Kxg5 40. Rxe4 Kxf5 41. Rxg4 Kf6
42. Kf4 Rxg7 43. Rxg7 Kxg7 44. Kg5 Kf7 45. Kf5 Ke7 46. Kg6 Ke8 47. Kf6 Kd7 48.
Kf7 Kd8 49. Ke6 Kc7 50. Ke7 Kc8 51. Kxd6 Kb7 52. Ke7 Kc7 53. d6+ {Black resigns}
1-0

[Event "Team 45 45 League T60"]
[Site "Internet Chess Club"]
[Date "2014.03.08"]
[Round "2"]
[White "chess09"]
[Black "arhrid"]
[Result "1/2-1/2"]
[WhiteElo "1972"]
[BlackElo "1802"]
[Opening "King's Indian: Sämisch, orthodox, 7.d5"]
[ECO "E87"]
[Time "13:00:48"]
[TimeControl "2700+45"]

1. d4 Nf6 2. c4 g6 3. Nc3 Bg7 4. e4 d6 5. f3 O-O 6. Be3 e5 7. d5 Nh5 8. Qd2 f5
9. Bd3 Na6 10. Nge2 Nc5 11. Bc2 a5 12. exf5 gxf5 13. O-O Qe7 14. Rae1 Nd7 15.
Ng3 Nxg3 16. hxg3 Nf6 17. Bg5 Qf7 18. Kf2 Bd7 19. Rh1 e4 20. Bh6 Qg6 21. Bxg7
Kxg7 22. Qf4 Rae8 23. Qh4 Re5 24. Ne2 h6 25. Nf4 Qg5 26. Qxg5+ hxg5 27. Nh5+ Kg6
28. Nxf6 Rxf6 29. fxe4 fxe4+ 30. Ke3 Bf5 31. Rhf1 b5 32. b3 Kf7 33. Kd4 bxc4 34.
bxc4 e3 35. Rxf5 Rfxf5 36. Bxf5 Rxf5 37. Rxe3 Kf6 38. Rf3 g4 39. Rxf5+ Kxf5 40.
a4 Kf6 41. c5 Kf5 42. c6 Kf6 43. Ke4 Kg5 44. Kd3 Kf5 45. Kd4 Kf6 46. Ke4 Kg5 47.
Ke3 Kf5 48. Kd4 Kf6 49. Ke4 Kg5 50. Ke3 Kf5 51. Kd4 Kf6 52. Ke4 {Game drawn by
repetition} 1/2-1/2

[Event "Team 45 45 League T60"]
[Site "Internet Chess Club"]
[Date "2014.03.11"]
[Round "2"]
[White "kidcobra"]
[Black "byebyebadman"]
[Result "1/2-1/2"]
[WhiteElo "1811"]
[BlackElo "1838"]
[Opening "Sicilian: Najdorf"]
[ECO "B90"]
[Time "16:09:59"]
[TimeControl "2700+45"]

1. e4 c5 2. Nf3 d6 3. d4 cxd4 4. Nxd4 Nf6 5. Nc3 a6 6. f3 e5 7. Nb3 Be6 8. Be3
h5 9. Qd2 Nbd7 10. O-O-O Be7 11. Be2 Qc7 12. h3 h4 13. f4 b5 14. fxe5 dxe5 15.
Nd5 Bxd5 16. exd5 Rc8 17. Kb1 Bb4 18. Qc1 Ne4 19. Bf3 Ng3 20. Rhg1 e4 21. Bf4
Bd6 22. Bxg3 Bxg3 23. Bxe4 O-O 24. Rgf1 Nc5 25. Qe3 Rfe8 26. Qxc5 Qxc5 27. Nxc5
Rxc5 28. Bf3 Bd6 29. Rfe1 Rcc8 30. Bg4 Rcd8 31. c3 Kf8 32. Kc2 Rxe1 33. Rxe1 Re8
34. Rxe8+ Kxe8 35. b4 Kd8 36. Kd3 Kc7 37. a3 a5 38. Kd4 axb4 39. cxb4 f6 40. Bd1
Kb6 41. Kc3 Be5+ 42. Kb3 Bd6 43. a4 bxa4+ 44. Kxa4 Be5 45. Kb3 Bd6 46. Be2 Be5
47. Kc4 Bd6 48. b5 Be5 49. d6 Bxd6 50. Kd5 Be5 51. Ke4 {Game drawn by mutual
agreement} 1/2-1/2

[Event "Team 45 45 League T60"]
[Site "Internet Chess Club"]
[Date "2014.03.10"]
[Round "2"]
[White "Nathan-L"]
[Black "elmaestro"]
[Result "1-0"]
[WhiteElo "1903"]
[BlackElo "1806"]
[Opening "Dutch"]
[ECO "A80"]
[Time "15:04:39"]
[TimeControl "2700+45"]

1. d4 f5 2. Nf3 Nf6 3. c4 e6 4. Nc3 d6 5. Bg5 Be7 6. e3 O-O 7. Be2 a5 8. O-O Ne4
9. Bxe7 Qxe7 10. Nd2 Nxc3 11. bxc3 e5 12. Qb3 Kh8 13. g3 Nd7 14. Bf3 g5 15. Bg2
Nf6 16. Rae1 e4 17. f3 Bd7 18. fxe4 fxe4 19. Qc2 Rae8 20. Nxe4 Ng4 21. Rxf8+
Rxf8 22. Qe2 c6 23. h3 d5 24. cxd5 cxd5 25. Nc5 Nf2 26. g4 Bc6 27. Rf1 b6 28.
Rxf2 bxc5 29. Rxf8+ Qxf8 30. Qf3 Qxf3 31. Bxf3 c4 32. Kf2 Kg7 33. Be2 Kf6 34. e4
Ke6 35. exd5+ Bxd5 36. Bf3 a4 37. a3 Kd6 38. Bxd5 Kxd5 39. Ke3 h6 40. Kf3 Kd6
41. Ke4 Ke6 42. d5+ Kd6 43. Kd4 {Black resigns} 1-0

[Event "Team 45 45 League T60"]
[Site "Internet Chess Club"]
[Date "2014.03.15"]
[Round "2"]
[White "nanning"]
[Black "mattp108"]
[Result "0-1"]
[WhiteElo "1573"]
[BlackElo "1628"]
[Opening "Catalan: closed, 5.Nf3"]
[ECO "E06"]
[Time "08:49:49"]
[TimeControl "2700+45"]

1. d4 Nf6 2. c4 e6 3. g3 d5 4. Nf3 Be7 5. Bg2 O-O 6. O-O dxc4 7. Qc2 a6 8. Qxc4
b5 9. Qc2 Bb7 10. Nbd2 Nbd7 11. Nb3 Be4 12. Qd2 c5 13. dxc5 Nxc5 14. Nxc5 Bxc5
15. Qg5 Rc8 16. Qh4 h6 17. g4 Bd5 18. g5 Ne4 19. Qh5 hxg5 20. Bxg5 f6 21. Bf4 e5
22. Nxe5 fxe5 23. Qxe5 Re8 24. Qf5 Bc6 25. Rad1 Bxf2+ 26. Kh1 Qh4 27. Bg5 {White
resigns} 0-1

[Event "Team 45 45 League T60"]
[Site "Internet Chess Club"]
[Date "2014.03.06"]
[Round "2"]
[White "BrerRabbit"]
[Black "mongmong"]
[Result "1/2-1/2"]
[WhiteElo "1514"]
[BlackElo "1678"]
[Opening "Queen's pawn game"]
[ECO "D05"]
[Time "19:41:33"]
[TimeControl "2700+45"]

1. d4 e6 2. Nf3 Nf6 3. e3 d5 4. Bd3 Bd6 5. c3 O-O 6. Nbd2 c5 7. O-O Nbd7 8. Re1
e5 9. e4 cxd4 10. cxd4 dxe4 11. Nxe4 Nxe4 12. Bxe4 exd4 13. Qxd4 Nf6 14. Bg5 h6
15. Bxf6 Qxf6 16. Qxf6 gxf6 17. Nd4 Be5 18. Nf5 Bxf5 19. Bxf5 b6 20. Re2 Rfd8
{Game drawn by mutual agreement} 1/2-1/2

[Event "Team 45 45 League T60"]
[Site "Internet Chess Club"]
[Date "2014.03.09"]
[Round "2"]
[White "Visin"]
[Black "Invicta-Knight"]
[Result "1-0"]
[WhiteElo "1346"]
[BlackElo "1435"]
[Opening "Scandinavian: Pytel-Wade variation"]
[ECO "B01"]
[Time "15:00:46"]
[TimeControl "2700+45"]

1. e4 d5 2. exd5 Qxd5 3. Nc3 Qd6 4. Nf3 e5 5. d3 a6 6. Be2 Nc6 7. Be3 Nf6 8. O-O
Nd4 9. Re1 Nxe2+ 10. Qxe2 Bg4 11. Bd2 O-O-O 12. Qxe5 Bxf3 13. Qxd6 Bxd6 14. gxf3
h6 15. Ne4 Be7 16. Nxf6 Bxf6 17. Bc3 Bxc3 18. bxc3 Rhe8 19. Kf1 Rxe1+ 20. Rxe1
Kd7 21. Re4 Re8 22. Ke2 g5 23. Ke3 f5 24. Rxe8 Kxe8 25. f4 g4 26. Kd4 Kf7 27.
Ke5 Kg6 28. c4 h5 29. d4 h4 30. d5 h3 31. c3 {Black resigns} 1-0

[Event "Team 45 45 League T60"]
[Site "Internet Chess Club"]
[Date "2014.03.09"]
[Round "2"]
[White "QuieroAprender"]
[Black "BrianWood"]
[Result "1-0"]
[WhiteElo "1692"]
[BlackElo "1409"]
[Opening "Scotch game"]
[ECO "C45"]
[Time "13:21:52"]
[TimeControl "2700+45"]

1. e4 e5 2. Nf3 Nc6 3. d4 exd4 4. Nxd4 Bc5 5. c3 Qf6 6. Be3 Nge7 7. f3 O-O 8.
Qd2 Bb6 9. Na3 d5 10. Nxc6 Bxe3 11. Nxe7+ Qxe7 12. Qxe3 dxe4 13. Qxe4 Qf6 14.
Bd3 {Black resigns} 1-0

[Event "Team 45 45 League T60"]
[Site "Internet Chess Club"]
[Date "2014.03.05"]
[Round "2"]
[White "tamtu"]
[Black "drsigmund1"]
[Result "1-0"]
[WhiteElo "1836"]
[BlackElo "1563"]
[Opening "Queen's pawn: Keres defense"]
[ECO "A40"]
[Time "20:03:41"]
[TimeControl "2700+45"]

1. d4 e6 2. c4 b6 3. Nc3 Bb4 4. e4 Bb7 5. Bd3 f5 6. Qh5+ g6 7. Qe2 Nf6 8. f3 O-O
9. Bg5 Nc6 10. e5 Nxd4 11. Qe3 Bc5 12. Qd2 Qe8 13. Bxf6 d6 14. Nge2 dxe5 15.
Bxe5 Nc6 16. Bxc7 Rc8 17. Bg3 Rd8 18. h4 Nb4 19. Nf4 Rf7 20. O-O-O e5 21. Nfd5
Bxd5 22. Nxd5 Nxa2+ 23. Kb1 Qa4 24. Qc2 Qa6 25. Bxe5 Nb4 26. Nxb4 Bxb4 27. c5 b5
28. Qb3 Qa5 29. Bxb5 Rd2 30. Rxd2 Bxd2 31. Bc4 Qxc5 32. Qb8+ Qf8 33. Qxa7 Bh6
34. Qxf7+ Qxf7 35. Bxf7+ Kxf7 36. Rd1 Ke6 37. Bc7 Bf4 38. Bxf4 {Black resigns}
1-0

[Event "Team 45 45 League T60"]
[Site "Internet Chess Club"]
[Date "2014.03.08"]
[Round "2"]
[White "Leon13"]
[Black "dabodhi"]
[Result "1/2-1/2"]
[WhiteElo "1344"]
[BlackElo "1387"]
[Opening "Scandinavian defense"]
[ECO "B01"]
[Time "15:04:20"]
[TimeControl "2700+45"]

1. e4 d5 2. exd5 Nf6 3. Nc3 Nxd5 4. d3 e6 5. Nge2 Bb4 6. Bd2 Nc6 7. g3 O-O 8.
Bg2 Nf6 9. O-O Bc5 10. Bg5 Re8 11. Ne4 Be7 12. Qd2 h6 13. Nxf6+ Bxf6 14. Bxf6
Qxf6 15. Nc3 Nd4 16. f4 Qf5 17. Be4 Qc5 18. Qf2 e5 19. fxe5 Be6 20. Ne2 Qxc2 21.
Nxd4 Qxf2+ 22. Rxf2 Bh3 23. Bxb7 Rab8 24. Bd5 Rxe5 25. Bxf7+ Kh7 26. Bd5 Rxd5
27. Nc6 Rb7 28. d4 Bd7 29. Ne5 Rxd4 30. Nxd7 Rxd7 31. b3 c5 32. h4 Rd3 33. Kg2
Rbd7 34. Raf1 a5 35. Kh3 R3d4 36. Rc1 Rc7 37. Rcc2 a4 38. Rf5 axb3 39. axb3 c4
40. bxc4 Rdxc4 41. Rxc4 Rxc4 42. Rf7 {Game drawn by mutual agreement} 1/2-1/2

[Event "Team 45 45 League T60"]
[Site "Internet Chess Club"]
[Date "2014.03.07"]
[Round "2"]
[White "KidRattler"]
[Black "Kandor"]
[Result "1-0"]
[WhiteElo "1514"]
[BlackElo "1255"]
[Opening "King's Indian defense, 3.Nc3"]
[ECO "E61"]
[Time "12:43:33"]
[TimeControl "2700+45"]

1. d4 Nf6 2. c4 g6 3. Nc3 Bg7 4. Nf3 d6 5. e3 O-O 6. Bd3 e5 7. dxe5 dxe5 8. Nxe5
Re8 9. Nf3 Bg4 10. Be2 Qxd1+ 11. Bxd1 Ne4 12. Nxe4 Rxe4 13. Be2 Nc6 14. h3 Bxf3
15. gxf3 Re6 16. a3 Na5 17. Rb1 Nb3 18. Bd2 Rd8 19. Bc3 f6 20. Rd1 Red6 21. Rxd6
Rxd6 22. O-O Nd2 23. Rd1 Nb3 24. Rxd6 cxd6 25. Bb4 Nc1 26. Bd1 Bf8 27. Bc2 f5
28. Bd2 {Black resigns} 1-0

[Event "Team 45 45 League T60"]
[Site "Internet Chess Club"]
[Date "2014.03.10"]
[Round "2"]
[White "losscause"]
[Black "SirIvanhoe"]
[Result "1/2-1/2"]
[WhiteElo "1601"]
[BlackElo "1593"]
[Opening "Queen's pawn, Mason variation"]
[ECO "D00"]
[Time "18:30:35"]
[TimeControl "2700+45"]

1. d4 d5 2. Bf4 Nf6 3. e3 c5 4. Nf3 cxd4 5. exd4 Nc6 6. Be2 e6 7. c3 Be7 8. Nbd2
b6 9. Ne5 Nxe5 10. dxe5 Nd7 11. Nf3 O-O 12. O-O a5 13. Rc1 Ba6 14. Bxa6 Rxa6 15.
c4 dxc4 16. Rxc4 Bc5 17. Qd3 Ra7 18. Ng5 g6 19. Nxh7 Kxh7 20. Qh3+ Kg8 21. Be3
Be7 22. Rd1 Qe8 23. Rdd4 Nxe5 24. Rh4 Nxc4 25. Rh8+ Kg7 26. Qh6+ Kf6 27. Qg5+
Kg7 28. Qh6+ {Game drawn by mutual agreement} 1/2-1/2

[Event "Team 45 45 League T60"]
[Site "Internet Chess Club"]
[Date "2014.03.08"]
[Round "2"]
[White "houseofcook"]
[Black "TwinsburgOHUSA"]
[Result "1-0"]
[WhiteElo "1497"]
[BlackElo "1508"]
[Opening "French: advance, Euwe variation"]
[ECO "C01"]
[Time "06:30:12"]
[TimeControl "2700+45"]

1. e4 e6 2. d4 c5 3. c3 d5 4. e5 Bd7 5. Nf3 Nc6 6. Be2 Qb6 7. O-O cxd4 8. cxd4
Nh6 9. Nc3 Be7 10. a3 Nf5 11. Na4 Qc7 12. Be3 O-O 13. Rc1 a6 14. b4 Qd8 15. Bd3
Nh4 16. Nxh4 Bxh4 17. Nc5 Bc8 18. Bb1 f6 19. Qh5 Bg5 20. Bxh7+ Kh8 21. Bg6+ Bh6
22. Bxh6 {Black resigns} 1-0

[Event "Team 45 45 League T60"]
[Site "Internet Chess Club"]
[Date "2014.03.07"]
[Round "2"]
[White "g8wrb"]
[Black "Gilguli"]
[Result "1-0"]
[WhiteElo "1328"]
[BlackElo "1388"]
[Opening "Latvian counter-gambit"]
[ECO "C40"]
[Time "07:11:20"]
[TimeControl "2700+45"]

1. e4 e5 2. Nf3 f5 3. d3 fxe4 4. dxe4 Nc6 5. Bc4 Nf6 6. Nc3 Bc5 7. Bg5 d6 8. O-O
Bg4 9. Re1 Na5 10. Bb5+ c6 11. Be2 O-O 12. a3 Bxf2+ 13. Kxf2 Qb6+ 14. Kf1 Qxb2
15. Bc1 Qxc3 16. Bd2 Qc5 17. Bxa5 Qxa5 18. Qxd6 Nxe4 19. Bc4+ Kh8 20. Rxe4 Bxf3
21. gxf3 Rxf3+ 22. Kg1 Rf6 23. Qxe5 Rg6+ 24. Kh1 Qxe5 25. Rxe5 Rf8 26. Rae1 b5
27. Re8 Rf6 28. Bd3 g6 29. Rxf8+ Rxf8 30. Kg2 Kg7 31. Re7+ Rf7 32. Re6 Rf6 33.
Re7+ Rf7 34. Rxf7+ Kxf7 35. c4 bxc4 36. Bxc4+ Kf6 37. Kf3 Ke5 38. a4 a5 39. Kg4
Kd4 40. Be6 c5 41. Kg5 c4 42. Kh6 c3 43. Bb3 Kd3 44. Kxh7 c2 45. Bxc2+ Kxc2 46.
Kxg6 Kb3 47. h4 Kxa4 48. h5 Kb3 49. h6 a4 50. h7 a3 51. h8=Q Ka2 52. Kf5 Kb1 53.
Qb8+ Ka2 54. Qb4 {Black resigns} 1-0

[Event "Team 45 45 League T60"]
[Site "Internet Chess Club"]
[Date "2014.03.07"]
[Round "2"]
[White "semperfi"]
[Black "medsurg"]
[Result "1/2-1/2"]
[WhiteElo "1393"]
[BlackElo "1312"]
[Opening "Colle system"]
[ECO "D05"]
[Time "20:00:13"]
[TimeControl "2700+45"]

1. d4 d5 2. Nf3 Nf6 3. e3 e6 4. Bd3 c5 5. c3 Nc6 6. Nbd2 Qc7 7. O-O Bd6 8. Re1
O-O 9. a3 e5 10. dxe5 Nxe5 11. Nxe5 Bxe5 12. Nf3 Bg4 13. g3 Rad8 14. Be2 Rfe8
15. Qc2 Qd7 16. Nxe5 Rxe5 17. b4 Bf5 18. Qd2 Ne4 19. Qb2 c4 20. f3 Ng5 21. f4
Nh3+ 22. Kg2 Re7 23. Bf3 Be4 24. Bxe4 dxe4 25. Qe2 Nxf4+ 26. exf4 Qc6 27. Be3
Rd3 28. Rad1 Red7 29. Rxd3 cxd3 30. Qd2 f5 31. Qa2+ Kh8 32. Kg1 h6 33. Rc1 a6
34. Qg2 Qa4 35. Ra1 Qb3 36. Qd2 Rc7 {Game drawn by mutual agreement} 1/2-1/2

[Event "Team 45 45 League T60"]
[Site "Internet Chess Club"]
[Date "2014.03.06"]
[Round "2"]
[White "LittleButton"]
[Black "misuc56"]
[Result "1/2-1/2"]
[WhiteElo "1912"]
[BlackElo "1842"]
[Opening "Queen's pawn game"]
[ECO "D02"]
[Time "15:00:47"]
[TimeControl "2700+45"]

1. d4 d5 2. Nf3 e6 3. c4 c6 4. cxd5 exd5 5. Nc3 f5 6. Bf4 Nf6 7. e3 Bd6 8. Bxd6
Qxd6 9. Bd3 O-O 10. O-O Ne4 11. Qc2 Nd7 12. a3 Ndf6 13. Ne5 g6 14. f3 Nxc3 15.
Qxc3 Nd7 16. Nxd7 Bxd7 17. b4 a6 18. Rab1 Rae8 19. Rfe1 Re7 20. a4 Rfe8 21. Bf1
b5 22. axb5 axb5 23. g3 Qf6 24. Rb2 h5 25. Rg2 Qg5 26. f4 Qf6 27. Ra2 Qd6 28.
Ra6 Qb8 29. Rxc6 Bxc6 30. Qxc6 Kg7 31. Bxb5 Rd8 32. Qc5 Qd6 33. Bc6 Rc7 34. Qxd6
Rxd6 35. b5 Rcxc6 36. bxc6 Rxc6 37. Ra1 h4 38. Ra5 hxg3 39. hxg3 Rd6 40. Kf2 g5
41. Ra7+ Kg6 42. fxg5 Kxg5 43. Re7 Kf6 44. Re5 Ra6 45. Rxd5 Ra2+ 46. Kf3 Ra1 47.
Re5 Rf1+ 48. Kg2 Re1 49. Kf2 Rd1 50. e4 fxe4 51. Rxe4 Rd3 52. g4 Ra3 53. Re3
Ra2+ 54. Kf3 Rd2 55. Ke4 Rg2 56. Kf3 Rd2 57. Re4 Kg5 58. Re5+ Kf6 59. Rf5+ Kg6
60. d5 Rd4 61. Kg3 Rd3+ 62. Kh4 Rd1 63. Rg5+ Kf6 64. Rf5+ Kg6 65. Re5 Kf6 66.
Re6+ Kf7 67. Rd6 Ke7 68. Re6+ Kf7 69. Re5 Kf6 70. Rh5 Kg6 71. Kg3 Rd4 72. Kf3
Kf6 73. g5+ Kg6 74. Rh6+ {Game drawn by mutual agreement} 1/2-1/2

[Event "Team 45 45 League T60"]
[Site "Internet Chess Club"]
[Date "2014.03.06"]
[Round "2"]
[White "Constrictor"]
[Black "latayvia"]
[Result "1/2-1/2"]
[WhiteElo "1620"]
[BlackElo "1629"]
[Opening "Réti: Nimzovich-Larsen attack"]
[ECO "A06"]
[Time "20:00:48"]
[TimeControl "2700+45"]

1. Nf3 d5 2. b3 Bg4 3. e3 Nd7 4. Be2 c6 5. Bb2 Ngf6 6. d3 e6 7. O-O Bd6 8. Nbd2
Qc7 9. h3 h5 10. c4 O-O-O 11. Ng5 Ne5 12. d4 Nd3 13. Bc3 Bxe2 14. Qxe2 dxc4 15.
Nxc4 Bh2+ 16. Kh1 Ng4 17. Qxd3 Bg1 18. Nf3 Bxf2 19. Be1 Qg3 20. Qe2 Bxe1 21.
Qxe1 Qc7 22. Nce5 f6 23. Nc4 Kb8 24. Kg1 g5 25. hxg4 hxg4 26. Nfe5 b5 27. Rxf6
Qh7 28. Kf2 Qh2 29. Qg1 g3+ 30. Ke2 Qh7 31. Nd2 Qh5+ 32. Ndf3 g4 33. Nd2 Rd6 34.
Raf1 Rhd8 35. Qh1 Qxe5 36. Rf8 Rxd4 37. Rxd8+ Rxd8 38. Qh6 Qd5 39. Qf4+ Ka8 40.
Rd1 Qxg2+ 41. Ke1 Rh8 42. Nf1 Qxa2 43. Qxg3 Rf8 44. Nd2 Qc2 45. Qxg4 Qh7 46.
Qxe6 Qh1+ 47. Ke2 Qh5+ 48. Kd3 Qc5 49. Qe4 Rd8+ 50. Ke2 Qh5+ 51. Qf3 Qh2+ 52.
Ke1 Qh4+ 53. Ke2 Qh2+ 54. Ke1 Qh4+ 55. Ke2 Qh2+ {Game drawn by repetition}
1/2-1/2

[Event "Team 45 45 League T60"]
[Site "Internet Chess Club"]
[Date "2014.03.09"]
[Round "2"]
[White "rahulr"]
[Black "WOLFSPELZ"]
[Result "0-1"]
[WhiteElo "1608"]
[BlackElo "1879"]
[Opening "QGD semi-Slav"]
[ECO "D43"]
[Time "20:02:39"]
[TimeControl "2700+45"]

1. d4 d5 2. c4 e6 3. Nf3 c6 4. Nc3 Nf6 5. Bg5 Be7 6. e3 Nbd7 7. Bd3 O-O 8. O-O
h6 9. Bf4 dxc4 10. Bxc4 Nb6 11. Bd3 Nbd5 12. Nxd5 exd5 13. Qc2 Kh8 14. Ne5 Nh5
15. Bg3 Nxg3 16. fxg3 Bf6 17. Rf3 Bxe5 18. dxe5 Qe7 19. Raf1 Qxe5 20. Rxf7 Rxf7
21. Rxf7 Qxe3+ 22. Kf1 Be6 23. Rf3 Qb6 24. Qe2 Bg4 25. Qe5 Bxf3 26. gxf3 Rf8 27.
f4 Qd8 28. Kf2 Qf6 29. Ke3 Kg8 30. Kd4 c5+ 31. Kxc5 Qc6+ 32. Kd4 Qa4+ 33. Kc3
Qxa2 34. Qe6+ Kh8 35. Qd7 Qa5+ 36. Kc2 Qc5+ 37. Kb3 Qb6+ 38. Ka2 Qc6 39. Qg4
Qa4+ 40. Kb1 Re8 41. Kc1 Re1+ 42. Kd2 Qb4+ 43. Kc2 Qc5+ 44. Kb3 Re3 {White
resigns} 0-1

[Event "Team 45 45 League T60"]
[Site "Internet Chess Club"]
[Date "2014.03.10"]
[Round "2"]
[White "supermessi"]
[Black "smsxman"]
[Result "1/2-1/2"]
[WhiteElo "1556"]
[BlackElo "1434"]
[Opening "King's Indian: 6.Be2"]
[ECO "E91"]
[Time "12:12:33"]
[TimeControl "2700+45"]

1. d4 Nf6 2. c4 g6 3. Nc3 Bg7 4. e4 d6 5. Nf3 O-O 6. Be2 Bg4 7. O-O c6 8. h3
Bxf3 9. Bxf3 Nbd7 10. b3 e5 11. d5 c5 12. a3 a6 13. b4 b6 14. Be2 a5 15. Rb1
cxb4 16. axb4 axb4 17. Rxb4 Nc5 18. f3 Na6 19. Rb5 Nd7 20. Be3 Rb8 21. Qb1 Nac5
22. Rd1 f5 23. Rd2 f4 24. Bf2 Ra8 25. Rdb2 Ra3 26. Na2 Na4 27. Rc2 Nac5 28. Rc3
Ra8 29. Bd1 Qc7 30. Nb4 Na4 31. Bxa4 Rxa4 32. Nc6 Rfa8 33. Kh2 Ra1 34. Qd3 R1a2
35. Bg1 Nc5 36. Bxc5 bxc5 37. Rcb3 Bf8 38. Qd1 Qg7 39. Rb7 Qf6 40. Qc1 Qg5 41.
Rb2 Qg3+ 42. Kh1 Ra1 43. Rb1 R8a2 44. R7b2 Rxb2 45. Qxb2 Rxb1+ 46. Qxb1 g5 47.
Nd8 Be7 48. Ne6 Qf2 49. Kh2 Qg3+ 50. Kg1 h5 51. Qb8+ Kf7 52. Qh8 Qe1+ 53. Kh2
Qg3+ 54. Kg1 Qe1+ 55. Kh2 Qg3+ 56. Kg1 {Game drawn by repetition} 1/2-1/2

[Event "Team 45 45 League T60"]
[Site "Internet Chess Club"]
[Date "2014.03.09"]
[Round "2"]
[White "jonesey"]
[Black "Grenadier"]
[Result "1-0"]
[WhiteElo "1884"]
[BlackElo "1655"]
[Opening "Caro-Kann: Panov-Botvinnik attack, 5...e6"]
[ECO "B14"]
[Time "10:00:49"]
[TimeControl "2700+45"]

1. e4 c6 2. d4 d5 3. exd5 cxd5 4. c4 Nf6 5. Nc3 e6 6. Nf3 Bb4 7. cxd5 Nxd5 8.
Bd2 Nc6 9. Bd3 Nf6 10. Bg5 O-O 11. O-O b6 12. Ne5 Bb7 13. Bxf6 gxf6 14. Qg4+ Kh8
15. Qh5 f5 16. Nxf7+ Rxf7 17. Qxf7 Qe7 18. Qxe7 Bxe7 19. d5 Nd4 20. Rfe1 Bb4 21.
Rxe6 Nxe6 22. dxe6 f4 23. Be4 Bxe4 24. Nxe4 Re8 25. Ng5 h6 26. Nf7+ Kg7 27. Ne5
Rxe6 28. Nd3 Bd6 29. Re1 Rg6 30. f3 h5 31. Re4 Rf6 32. Kf2 h4 33. Rd4 Kf7 34.
Rd5 Be7 35. Rd7 Rd6 36. Ne5+ Ke6 37. Rxd6+ Bxd6 38. Ng6 h3 39. gxh3 Kf5 40. Nh4+
Kg5 41. Ng2 a5 42. Ke2 b5 43. Kd3 b4 44. Ke4 a4 45. b3 axb3 46. axb3 Bc5 47. h4+
Kh5 48. Kxf4 Bd6+ 49. Ke4 Bxh2 50. f4 Bg3 51. f5 Bf2 52. Ke5 Bc5 53. Kf6 Bd4+
54. Kf7 Kh6 55. Nf4 Bf2 56. Nd3 Bxh4 57. Nxb4 {Black resigns} 1-0

[Event "Team 45 45 League T60"]
[Site "Internet Chess Club"]
[Date "2014.03.09"]
[Round "2"]
[White "bmw2002"]
[Black "gcl"]
[Result "0-1"]
[WhiteElo "1580"]
[BlackElo "1731"]
[Opening "English opening"]
[ECO "A20"]
[Time "08:11:28"]
[TimeControl "2700+45"]

1. c4 e5 2. g3 Nc6 3. Bg2 Bc5 4. e3 a6 5. Ne2 d6 6. O-O h5 7. Nbc3 h4 8. d4 Ba7
9. dxe5 Nxe5 10. b3 hxg3 11. hxg3 Bh3 12. Qd5 c6 13. Qe4 f5 14. Qc2 Qf6 15. Bb2
Qh6 16. Rfd1 Bxg2 17. Kxg2 Qh3+ 18. Kg1 Nf3# {White checkmated} 0-1